 Dungeon Crawl Stone Soup version 0.22-a0-348-gd16d139 (webtiles) character file.

49 iamserjio the Sneak (level 3, -4/26 HPs)
             Began as an Octopode Monk on Apr 10, 2018.
             Slain by a gnoll
             ... wielding a +0 whip
              (7 damage)
             ... on level 2 of the Dungeon.
             The game lasted 00:02:13 (811 turns).

iamserjio the Sneak (Octopode Monk)                  Turns: 811, Time: 00:02:13

Health: -4/26      AC:  1    Str: 10    XL:     3   Next: 77%
Magic:  3/3        EV: 15    Int: 12    God:
Gold:   105        SH:  0    Dex: 15    Spells: 2/2 levels left

rFire    . . .     SeeInvis .   a - +0 falchion
rCold    . . .     Gourm    .   (no shield)
rNeg     . . .     Faith    .   (helmet restricted)
rPois    .         Spirit   .   (no amulet)
rElec    .         Reflect  .   (no ring)
rCorr    .         Harm     .   (no ring)
MR       .....                  (no ring)
Stlth    ++++......             (no ring)
HPRegen  0.08/turn              (no ring)
MPRegen  0.08/turn              (no ring)
                                (no ring)
                                (no ring)

@: no status effects
A: almost no armour, stealthy swim, amphibious, 8 rings, constrict 8, camouflage
1, gelatinous body 1
a: no special abilities


You were on level 2 of the Dungeon.
You were not hungry.

You visited 1 branch of the dungeon, and saw 2 of its levels.

You collected 105 gold pieces.

Inventory:

Hand Weapons
 a - a +0 falchion (weapon)
 e - a +0 spear of venom
Jewellery
 j - an uncursed ring of flight {unknown}
Scrolls
 c - 2 scrolls of teleportation {unknown}
 f - 2 scrolls of remove curse {unknown}
 g - 2 scrolls of amnesia {unknown}
 h - 2 scrolls of identify {unknown}
 i - a scroll of fog {unknown}
 k - a scroll of enchant weapon {unknown}
Potions
 d - a potion of brilliance {unknown}
Comestibles
 b - 3 rations


   Skills:
 - Level 3.1 Fighting
 - Level 3.1 Long Blades
 * Level 3.7 Dodging
 * Level 4.2 Stealth


You had 2 spell levels left.
You didn't know any spells.

Dungeon Overview and Level Annotations

Branches:
Dungeon (2/15)

Altars:
Hepliaklqana


Innate Abilities, Weirdness & Mutations

You cannot wear most types of armour.
You are very stealthy in the water. (Stealth+)
You are amphibious.
You can wear up to eight rings at the same time.
You can use your tentacles to constrict eight enemies at once.
Your skin changes colour to match your surroundings (Stealth+).
Your rubbery body absorbs attacks. (AC +1, EV +1)


Message History

The gnoll is heavily wounded.
The gnoll hits you.
* * * LOW HITPOINT WARNING * * *
You hit the gnoll. You grab the gnoll.
The gnoll is heavily wounded.
You constrict the gnoll.
The gnoll struggles to escape constriction.
You hit the gnoll but do no damage.
The gnoll is severely wounded.
You constrict the gnoll. The gnoll misses you.
You hit the gnoll.
You kill the gnoll!
You hit the gnoll. You grab the gnoll.
The gnoll is heavily wounded.
You constrict the gnoll, but do no damage.
The gnoll misses you.
You hit the gnoll.
The gnoll is severely wounded.
You constrict the gnoll. The gnoll hits you with a whip!
You die...

### #.# ###.# #######...#
#.@.......# ##########
#g#####.### #........#
#.#<......#
#........####†#####.#.#
+........g..>...# #.#.#
#........g.g..#.# #.#.#
............##+##.###.#.#
..................#...#.#
..................#.###..


You could see a gnoll.

Vanquished Creatures
  3 gnolls (D:2)
  A giant cockroach (D:1)
  4 goblins (D:1)
  2 hobgoblins (D:1)
  2 kobolds (D:1)
  6 bats
  2 frilled lizards
  2 rats (D:1)
22 creatures vanquished.

Notes
Turn   | Place    | Note
-------+----------+-------------------------------------------
     0 | D:1      | iamserjio the Octopode Monk began the quest for the Orb.
     0 | D:1      | Reached XP level 1. HP: 16/16 MP: 1/1
   171 | D:1      | Reached skill level 3 in Stealth
   171 | D:1      | Reached XP level 2. HP: 21/21 MP: 2/2
   699 | D:2      | Found a hazy altar of Hepliaklqana.
   799 | D:2      | Reached XP level 3. HP: 11/26 MP: 3/3
   804 | D:2      | Reached skill level 4 in Stealth
   811 | D:2      | Slain by a gnoll

Vault maps used:
D:1:      grunt_arrival_crossed_arrows
D:2:      nicolae_overflow_crystal_walls, first_ration

Skill      XL: |  1  2  3 |
---------------+----------+-----
Stealth        | 3 4 |  4.2
Fighting       | |  3.1
Long Blades    | |  3.1
Dodging        | |  3.7

Action                   || total
-------------------------++-------
Melee: Falchion          ||    37
       Constrict         ||     9
       Tentacles         ||     7
 Stab: Sleeping          ||     3
Armor: Skin              ||     5
Dodge: Dodged            ||    29
       Rpst.: Falchion   ||    13

Table legend:
 A = Spawn XP
 B = Non-spawn XP
 C = Spawn XP percentage of total XP
 D = Spawn monster count
 E = Non-spawn monster count
 F = Spawn count percentage of total count
 G = Total turns spent on level
                    A         B        C        D         E        F      G
               +---------+---------+-------+---------+---------+-------+---------
         Total |       0 |      71 |   0.0 |       0 |      22 |   0.0 |   811
               +---------+---------+-------+---------+---------+-------+---------
           D:1 |       0 |      25 |   0.0 |       0 |      16 |   0.0 |   625
           D:2 |       0 |      46 |   0.0 |       0 |       6 |   0.0 |   186
               +---------+---------+-------+---------+---------+-------+---------
